 Dungeon Crawl Stone Soup version 0.29.1-1-gd02db6906a (webtiles) character file.

Game seed: 12894153506541370730

23 LustLizard the Trooper (level 2, -5/24 HPs)
             Began as a Demonspawn Fighter on Oct 8, 2022.
             Slain by Natasha (8 damage)
             ... on level 2 of the Dungeon.
             The game lasted 00:01:04 (1077 turns).

LustLizard the Trooper (Demonspawn Fighter)         Turns: 1077, Time: 00:01:05

Health: -5/24      AC:  6    Str: 16    XL:     2   Next: 72%
Magic:  2/2        EV:  8    Int:  9    God:
Gold:   25         SH:  4    Dex: 12    Spells: 1/1 levels left

rFire   . . .      SeeInvis .   a - +0 long sword
rCold   . . .      Faith    .   c - +0 buckler
rNeg    + . .      Spirit   .   b - +0 scale mail
rPois   .          Reflect  .   (helmet restricted)
rElec   .          Harm     .   (no cloak)
rCorr   .          Rampage  .   (no gloves)
Will    .....                   (no boots)
Stlth   ..........              (no amulet)
HPRegen 0.08/turn               g - ring of positive energy
MPRegen 0.08/turn               (no ring)

@: mighty, slowed, very slow
A: antennae 1
a: no special abilities


You were on level 2 of the Dungeon.
You visited 1 branch of the dungeon, and saw 2 of its levels.

You collected 25 gold pieces.

Inventory:

Hand Weapons
 a - a +0 long sword (weapon)
Missiles
 h - 6 boomerangs (quivered)
 i - 12 stones
 m - 3 poisoned darts
Armour
 b - a +0 scale mail (worn)
 c - a +0 buckler (worn)
Jewellery
 g - a ring of positive energy (left hand)
Scrolls
 e - 2 scrolls of identify {unknown}
 j - a scroll of fog {unknown}
 l - a scroll of enchant weapon {unknown}
 n - a scroll of teleportation {unknown}
Potions
 f - a potion of degeneration {unknown}
 k - a potion of curing {unknown}


   Skills:
 + Level 3.3 Fighting
 * Level 2.5 Long Blades
 * Level 0.7 Throwing
 - Level 2.6 Armour
 - Level 2.6 Shields


You had one spell level left.
You didn't know any spells.
Your spell library contained the following spells:

 Spells                   Type           Power      Damage    Failure   Level
 Gell's Gravitas          Tloc           0%         N/A       99%         3
 Lesser Beckoning         Tloc           0%         N/A       99%         3
 Teleport Other           Tloc           0%         N/A       99%         3


Dungeon Overview and Level Annotations

Branches:
Dungeon (2/15)

Altars:

Annotations:
D:2 Natasha


Innate Abilities, Weirdness & Mutations

You have a pair of small antennae on your head.


Message History

There is a stone staircase leading up here.
A kobold comes into view. It is wielding a +0 dagger.
The kobold shouts!
The kobold throws a stone.
The stone closely misses you.
A kobold is nearby!
Natasha, Servant of Life and Death comes into view.
Natasha hisses angrily.
Natasha casts a spell at you.
You feel yourself slow down.
The kobold throws a stone.
The stone hits you but does no damage.
Found a stone.
Natasha wildly gestures.
Natasha's front paws start to glow.
Natasha casts a spell.
You barely miss the kobold. You block the kobold's attack.
Natasha mumbles some strange words.
You feel disoriented. The kobold hits you but does no damage.
The crimson imp blinks!
You closely miss Natasha. Natasha claws you! The kobold barely misses you.
Natasha claws you. You block the kobold's attack.
You are too injured to fight recklessly!
You miss Natasha.
Natasha wildly gestures.
You feel troubled. Natasha claws you. The kobold hits you but does no damage.
The crimson imp blinks!
Natasha claws you but does no damage. You block the kobold's attack.
You closely miss Natasha. Natasha barely misses you.
You block the kobold's attack. Natasha claws you.
* * * LOW HITPOINT WARNING * * *
The kobold closely misses you.
You hit Natasha but do no damage. You block Natasha's attack.
The kobold closely misses you. Natasha claws you.
* * * LOW HITPOINT WARNING * * *
The kobold hits you but does no damage. Natasha attacks as you move away!
Natasha claws you but does no damage. x2
You feel very mighty all of a sudden. Natasha closely misses you.
You closely miss Natasha. Natasha claws you!
You die...

..#........
..........
......... #
#......# .#.####
#<# ....... #.#
....... #.######
......5##.$....#
......Kh@......#
......###......#
..... #......#
.... #........
(.. #........ ..
#........ .
#........
####...


You could see Natasha, a crimson imp (summoned) and a kobold.

Vanquished Creatures
  2 endoplasms (D:1)
  3 giant cockroaches (D:1)
  2 goblins (D:1)
  3 jackals (D:1)
  A quokka (D:1)
  3 ball pythons (D:1)
  3 bats (D:1)
  A frilled lizard (D:1)
  A rat (D:1)
19 creatures vanquished.

Notes
Turn   | Place    | Note
-------+----------+-------------------------------------------
     0 | D:1      | LustLizard the Demonspawn Fighter began the quest for the
                  | Orb.
     0 | D:1      | Reached XP level 1. HP: 18/18 MP: 1/1
   396 | D:1      | Gained mutation: You have a pair of small antennae on your
                  | head. [demonic ancestry]
   396 | D:1      | Reached XP level 2. HP: 24/24 MP: 2/2
  1068 | D:2      | Noticed Natasha
  1070 | D:2      | Noticed a crimson imp
  1077 | D:2      | Slain by Natasha

Illustrated notes

Levels and vault maps discovered:
D:1:      evilmike_arrival_rings, layout_basic, serial_curves, eino_curves_02,
          eino_curves_04
D:2:      layout_basic, basic_altar, minmay_small_reverse_x, uniq_natasha

Skill      XL: |  1 |
---------------+----+-----
Long Blades    | 2 |  2.5
Fighting       | |  3.3
Throwing       | |  0.7
Armour         | |  2.6
Shields        | |  2.6

Action                   || total
-------------------------++-------
Melee: Long sword        ||    63
  Use: Potion            ||     1
Armor: Scale mail        ||    45
Dodge: Dodged            ||    35
Block: Buckler           ||    15
